 Dungeon Crawl Stone Soup version 0.30.1-11-g7821555f0a (webtiles) character file.

Game seed: 5701108146002810187

226 HOAXBANE the Covered (level 6, 0/70 HPs)
             Began as a Human Artificer on Nov 22, 2023.
             Was an Initiate of Gozag.
             Succumbed to a gnoll's poison
             ... on level 3 of the Dungeon.
             The game lasted 00:18:21 (2798 turns).

HOAXBANE the Covered (Human Artificer)              Turns: 2798, Time: 00:18:22

Health: 0/70       AC: 27    Str: 11    XL:     6   Next: 21%
Magic:  6/6        EV:  2    Int: 11    God:    Gozag
Gold:   267        SH:  0    Dex: 15    Spells: 5/5 levels left

rFire   . . .        q - +0 morningstar
rCold   . . .        (no shield)
rNeg    . . .        k - melded +0 scale mail
rPois   +            (helmet currently unavailable)
rElec   .            (cloak currently unavailable)
rCorr   .            (gloves currently unavailable)
SInv    +            (boots currently unavailable)
Will    .....        (no amulet)
Stlth   ++           j - +4 ring of protection
HPRegen 0.31/turn    (no ring)
MPRegen 0.10/turn

%: no passive effects
@: mighty, lethally poisoned (0 -> -2), tree-form, gold aura, attractive
A: stationary, stasis, torment immunity, boosted hp, see invisible, sense
surroundings 1, (poison resistance), weak 1, MP-powered wands
a: Renounce Religion, Potion Petition, Call Merchant, Bribe Branch


You were on level 3 of the Dungeon.
You worshipped Gozag.
Gozag was aware of your devotion.
You were a tree.
You visited 1 branch of the dungeon, and saw 4 of its levels.

You collected 285 gold pieces.
You paid 18 gold pieces to Gozag.

Inventory:

Hand Weapons
 g - a +0 sling
 q - a +0 morningstar (weapon)
Missiles
 o - a poisoned dart (quivered)
Armour
 h - a +0 ring mail
 k - a +0 scale mail (melded)
Magical Staves
 r - a staff of conjuration
Jewellery
 j - a +4 ring of protection (left branch)
Wands
 b - a wand of roots (7)
 c - a wand of flame (4)
 d - a wand of charming (15)
 e - a wand of iceblast (5)
Scrolls
 m - a scroll of identify
 n - 2 scrolls of teleportation
 p - 2 scrolls of immolation
 s - a scroll of poison {unknown}


   Skills:
 - Level 3.0 Fighting
 + Level 5.2 Armour
 + Level 1.1 Dodging
 - Level 1.0 Stealth
 - Level 3.0 Evocations


You had 5 spell levels left.
You didn't know any spells.
Your spell library contained the following spells:

 Spells                   Type           Power      Damage    Failure   Level
 Ensorcelled Hibernation  Hex/Ice        0%         N/A       47%         2
 Spider Form              Tmut/Pois      0%         N/A       71%         3
 Anguish                  Hex/Necr       0%         N/A       98%         4


Dungeon Overview and Level Annotations

Branches:
Dungeon (4/15)
 Temple: D:4-7

Altars:
Gozag


Innate Abilities, Weirdness & Mutations

You are a tree.
Your roots penetrate the ground, keeping you stationary.
You cannot be teleported.
You are immune to unholy pain and torment.
Your maximum health is greatly increased.
Your equipment is partially melded.
You have supernaturally acute eyesight. (SInv)
You passively map a small area around you.
((Your system is resistant to poisons. (rPois)))
You are weak. (Str -2)
You expend magic power (3 MP) to strengthen your wands.


Message History

* * * LOW HITPOINT WARNING * * *
You feel very sick.
As you read the scroll labelled WYASAS JEULO, it crumbles to dust.
The air around you briefly surges with heat, but it dissipates.
It was a scroll of immolation.
* * * LOW HITPOINT WARNING * * *
You feel very sick.
Unknown command.
It was a potion of mutation.
You feel extremely strange.
You feel weaker.
You feel strong-willed.
You feel a little pissed off.
* * * LOW HITPOINT WARNING * * *
You feel very sick.
It was a potion of might.
You feel very mighty all of a sudden.
* * * LOW HITPOINT WARNING * * *
You feel sick.
It was a potion of lignification.
You turn into a tree.
Your +0 scale mail melds into your body.
Your roots penetrate the ground.
* * * LOW HITPOINT WARNING * * *
You feel sick.
It was a potion of attraction.
You feel attractive to monsters.
* * * LOW HITPOINT WARNING * * *
You feel sick.
Unknown command.
You feel extremely strange.
You no longer feel strong-willed.
You feel a little more calm.
Your vision sharpens.
You feel your magical essence link to the dungeon's wands.
You feel resistant to poisons.
You feel a strange attunement to the structure of the dungeons.
* * * LOW HITPOINT WARNING * * *
You feel sick.
There is a lethal amount of poison in your body!
As you read the scroll labelled GIV KEUGOU, it crumbles to dust.
It is a scroll of identify.
n - 2 scrolls of teleportation You die...
Your body crumbles into a pile of gold.

####....######### #####.### #
##...........# #........ #
#...........# #........ ##
#...........# #........ .#
#...........# #####........
.# #...........#
##....)....... .#
#...........####..###........
.# #.......)...#$...##
#........ .#
#...........♣[#### #........
.# #..........).## #........
.# #............# #........
## #............# ######### #
############.# # #.# # #.# #
#.# ########### #.#


There were no monsters in sight!

Vanquished Creatures
  A gnoll bouda (D:3)
  Jessica (D:3)
  An iguana (D:3)
  Robin (D:3)
  3 gnolls (D:3)
  3 adders
  2 worms (D:2)
  2 dart slugs
  5 ball pythons
  4 endoplasms
  4 giant cockroaches
  16 goblins
  9 hobgoblins
  4 kobolds
  3 quokkas
  3 bats
  A frilled lizard (D:2)
  5 rats
68 creatures vanquished.

Notes
Turn   | Place    | Note
-------+----------+-------------------------------------------
     0 | D:1      | HOAXBANE the Human Artificer began the quest for the Orb.
     0 | D:1      | Reached XP level 1. HP: 15/15 MP: 1/1
    50 | D:1      | Found a faded altar of an unknown god.
    60 | D:1      | Reached XP level 2. HP: 18/22 MP: 2/2
   216 | D:1      | Reached XP level 3. HP: 28/28 MP: 3/3
   600 | D:2      | Found an opulent altar of Gozag.
   921 | D:2      | Reached XP level 4. HP: 23/35 MP: 4/4
   924 | D:2      | Reached skill level 3 in Armour
  1433 | D:2      | Became a worshipper of Gozag Ym Sagoz the Greedy
  1560 | D:3      | Noticed Robin
  1609 | D:3      | Killed Robin
  1619 | D:3      | Reached XP level 5. HP: 32/41 MP: 5/5
  1734 | D:3      | Reached skill level 4 in Armour
  2167 | D:3      | Noticed Jessica
  2176 | D:3      | Killed Jessica
  2683 | D:3      | Reached skill level 5 in Armour
  2683 | D:3      | Reached XP level 6. HP: 20/47 MP: 6/6
  2793 | D:3      | Gained mutation: You are weak. (Str -2) [potion of
                  | mutation]
  2793 | D:3      | Gained mutation: You are strong-willed. (Will+) [potion of
                  | mutation]
  2793 | D:3      | Gained mutation: You sometimes lose your temper in combat.
                  | [potion of mutation]
  2795 | D:3      | HP: 3/70 [poisoned by a gnoll]
  2797 | D:3      | Lost mutation: You are strong-willed. (Will+) [potion of
                  | mutation]
  2797 | D:3      | Lost mutation: You sometimes lose your temper in combat.
                  | [potion of mutation]
  2797 | D:3      | Gained mutation: You have supernaturally acute eyesight.
                  | (SInv) [potion of mutation]
  2797 | D:3      | Gained mutation: You expend magic power (3 MP) to
                  | strengthen your wands. [potion of mutation]
  2797 | D:3      | Gained mutation: Your system is resistant to poisons.
                  | (rPois) [potion of mutation]
  2797 | D:3      | Gained mutation: You passively map a small area around you.
                  | [potion of mutation]
  2797 | D:3      | HP: 1/70 [poisoned by a gnoll]
  2798 | D:3      | Succumbed to a gnoll's poison

Illustrated notes

Levels and vault maps discovered:
D:1:      ldierk_walled_garden, layout_rooms, nicolae_ecumenical_snake_handling
D:2:      layout_rooms, basic_altar
D:3:      layout_basic, uniq_robin, uniq_jessica
D:4:      layout_loops_ring

Skill      XL: |  1  2  3  4  5 |
---------------+----------------+-----
Fighting       | 2 3 |  3.0
Armour         | 3 5 |  5.2
Dodging        | |  1.1
Stealth        | |  1.0
Evocations     | |  3.0

Action                     |  1- 3 |  4- 6 || total
---------------------------+-------+-------++-------
  Melee: Club              |    12 |       ||    12
         Morningstar       |       |    80 ||    80
   Fire: Sling             |   118 |    76 ||   194
  Throw: Dart              |       |    28 ||    28
  Evoke: Wand              |     3 |     8 ||    11
    Use: Potion            |       |     5 ||     5
         Scroll            |       |     2 ||     2
 Armour: Leather armour    |    16 |       ||    16
         Scale mail        |    27 |   104 ||   131
         Ring mail         |    14 |       ||    14
  Dodge: Dodged            |    73 |    68 ||   141
